 Dungeon Crawl Stone Soup version 0.18.1-50-g88ac8fd (webtiles) character file.

2690 petervk the Mender (level 9, 0/54 HPs)
             Began as a Gargoyle Earth Elementalist on Oct 27, 2016.
             Was a Priest of Elyvilon.
             Killed from afar by Daydreamer's ghost (15 damage)
             ... with a bolt of negative energy
             ... on level 8 of the Dungeon on Oct 28, 2016.
             The game lasted 00:35:31 (8884 turns).

petervk the Mender (Gargoyle Earth Elementalist)    Turns: 8884, Time: 00:35:32

Health: 0/54       AC: 11    Str: 14    XL:     9   Next: 64%
Magic:  16/16      EV: 14    Int: 21    God:    Elyvilon [***...]
Gold:   443        SH:  0    Dex: 12    Spells: 4 memorised, 4 levels left

rFire  . . .     SeeInvis .     I - +8 mace of the Endless March {crush, rPois Dex+2 Stlth+}
rCold  + . .     Gourm    .     K - +1 robe "Vicyimn" {rC+ Int+4}
rNeg   + . .     Faith    .     (no shield)
rPois  ∞         Spirit   .     G - +0 helmet
rElec  +         Dismiss  .     h - +0 cloak
rCorr  .         Reflect  .     g - +0 pair of gloves
SustAt .         Harm     .     (no boots)
MR     .....                    J - amulet of rage
Stlth  +++.......               m - +3 ring of evasion
                                p - ring of wizardry

@: very slightly contaminated, drained, invisible, not resistant to hostile
enchantments, fairly stealthy
A: negative energy resistance 1, electricity resistance, unbreathing,
petrification resistance, rot immunity, AC +5
a: Lesser Healing, Heal Other, Purification, Divine Protection, Renounce
Religion, Evoke Berserk Rage


You were on level 8 of the Dungeon.
You worshipped Elyvilon.
Elyvilon was most pleased with you.
You were not hungry.

You visited 2 branches of the dungeon, and saw 9 of its levels.

You collected 443 gold pieces.

Inventory:

Hand Weapons
 e - a +0 club
 o - a +0 mace
 r - a +0 whip
 B - a +0 shortbow
 I - the +8 mace of the Endless March (weapon) {crush, rPois Dex+2 Stlth+}
   (You found it on level 5 of the Dungeon)

   It inflicts extra damage upon your enemies.
   It affects your dexterity (+2).
   It protects you from poison.
   It makes you more stealthy.
 L - a +4 dagger of venom
 M - a +3 dire flail
 R - a +3 dire flail
 Y - a +0 hand crossbow
Missiles
 b - 209 stones (quivered)
 t - 7 poisoned needles
 w - 154 arrows
 y - 27 bolts
 A - 10 tomahawks
Armour
 a - a +0 robe
 f - a +0 plate armour
 g - a +0 pair of gloves (worn)
 h - a +0 cloak (worn)
 j - a +0 ring mail
 k - a +0 leather armour
 q - a +0 buckler
 x - a +0 chain mail
 G - a +0 helmet (worn)
 K - the +1 robe "Vicyimn" (worn) {rC+ Int+4}
   (You found it on level 6 of the Dungeon)

   It affects your intelligence (+4).
   It protects you from cold.
 P - a cursed +0 scale mail
 S - a cursed +0 scale mail
Jewellery
 m - a +3 ring of evasion (right hand)
 p - a ring of wizardry (left hand)
 J - an amulet of rage (around neck)
 O - an uncursed amulet of faith {unknown}
Wands
 z - a wand of confusion (48/48)
Scrolls
 u - 6 scrolls of teleportation
 C - 2 scrolls of identify
 E - a scroll of recharging
 F - a scroll of remove curse
 Q - a scroll of enchant armour {unknown}
 U - 2 scrolls of fog {unknown}
 W - a scroll of enchant weapon {unknown}
Potions
 i - a potion of heal wounds
 l - 2 potions of curing
 n - a potion of invisibility
 D - a potion of agility
 H - a potion of berserk rage
 N - a potion of ambrosia
 T - a potion of resistance
 V - a potion of flight
Books
 c - a book of Geomancy

   Spells                             Type                      Level
   a - Sandblast                      Earth                        1
   b - Passwall                       Transmutation/Earth          2
   c - Stone Arrow                    Conjuration/Earth            3
   d - Petrify                        Transmutation/Earth          4
   e - Lee's Rapid Deconstruction     Earth                        5
 v - a book of Burglary

   Spells                             Type                      Level
   a - Swiftness                      Charms/Air                   2
   b - Passwall                       Transmutation/Earth          2
   c - Passage of Golubria            Translocation                4
   d - Lee's Rapid Deconstruction     Earth                        5
   e - Darkness                       Hexes                        6
   f - Invisibility                   Hexes                        6
Comestibles
 d - 6 bread rations
 s - 3 meat rations
 X - 2 chunks of flesh


   Skills:
 - Level 5.1(4.5) Fighting
 - Level 4.2(3.7) Maces & Flails
 - Level 1.5(1.0) Dodging
 - Level 2.1(1.6) Stealth
 - Level 4.0(3.5) Spellcasting
 - Level 2.1(1.6) Transmutations
 + Level 5.5(4.9) Earth Magic
 - Level 10.0(9.4) Invocations


You had 4 spell levels left.
You knew the following spells:

 Your Spells              Type           Power        Failure   Level  Hunger
a - Sandblast             Erth           ###...       1%          1    None
b - Passwall              Trmt/Erth      ###.......   2%          2    ##.....
c - Petrify               Trmt/Erth      ###.....     14%         4    ####...
d - Lee's Rapid Deconstr  Erth           ###.......   26%         5    ######.


Dungeon Overview and Level Annotations

Branches:
Dungeon (8/15)             Temple (1/1) D:7
   Lair: D:8-11

Altars:
Ashenzari
Cheibriados
Dithmenos
Elyvilon
Fedhas
Gozag
Kikubaaqudgha
Nemelex Xobeh
Okawaru
Pakellas
Qazlal
Ru
Sif Muna
Trog
Vehumet
Xom
Yredelemnul
Zin
The Shining One

Shops:
D:5 [

Annotations:
D:4 exclusion: oklob plant
D:8 Daydreamer's ghost, novice DrCj


Innate Abilities, Weirdness & Mutations

You are resistant to torment.
Your stone body is resilient (AC +5).
You are immune to poison.
You resist negative energy.
You are resistant to electric shocks.
You can survive without breathing.
You are immune to petrification.
You are immune to rotting.


Message History

You hit Daydreamer's ghost.
Daydreamer's ghost is lightly damaged.
Daydreamer's ghost gestures at you while chanting.
The magic dart hits you!
You barely miss Daydreamer's ghost.
Daydreamer's ghost is lightly damaged.
Daydreamer's ghost barely misses you.
You thump Daydreamer's ghost!
Daydreamer's ghost is moderately damaged.
Daydreamer's ghost barely misses you.
You hit Daydreamer's ghost but do no damage.
Daydreamer's ghost is moderately damaged.
Daydreamer's ghost points at you and mumbles some strange words.
The orb of energy hits you!
Ouch! That really hurt!
* * * LOW HITPOINT WARNING * * *
The orb of energy explodes!
Daydreamer's ghost breathes negative energy at you.
The bolt of negative energy hits you! You partially resist.
You feel drained.
You die...

.P.P...P.P..≈≈≈
...............
...............
..........≈≈
........ #'''#
##...##
##...W.##
#...@...#
#.......#
#..<.<..#
##.....##
##...## #####


You could see Daydreamer's ghost.

Vanquished Creatures
  Pikel (D:6)
  Duvessa (D:6)
  An orc warrior (D:7)
  A sky beast (D:6)
  An ice beast (D:6)
  An ogre (D:7)
  4 centaurs
  Blork the orc (D:6)
  2 giant frogs
  A big kobold (D:7)
  Dowan (D:6)
  2 scorpions
  4 wights (D:6)
  3 howler monkeys
  A centaur zombie (D:7)
  2 crimson imps (D:7)
  A giant frog zombie (D:5)
  A wasp zombie (D:7)
  2 orc priests (D:6)
  Crazy Yiuf (D:5)
  4 orc wizards
  3 giant frog skeletons
  A worker ant (D:4)
  An iguana (D:7)
  A killer bee zombie (D:6)
  A sheep (D:8)
  4 gnolls
  5 adders
  2 shadow imps
  An ooze (D:1)
  An adder skeleton (D:4)
  An adder zombie (D:6)
  3 worms
  3 dart slugs
  6 giant geckos
  9 orcs
  9 bats
  3 giant cockroaches
  15 goblins
  11 hobgoblins
  15 jackals
  2 quokkas
  4 giant newts
  A jackal zombie (D:7)
  20 kobolds
  A quokka zombie (D:6)
  10 rats
169 creatures vanquished.

Vanquished Creatures (others)
  3 slaves (D:6)
  An orc wizard (D:6)
  A giant gecko (D:6)
  An orc (D:6)
  4 jackals (D:6)
  A giant cockroach zombie (D:6)
  A plant (D:2)
12 creatures vanquished.

Grand Total: 181 creatures vanquished

Notes
Turn   | Place    | Note
--------------------------------------------------------------
     0 | D:1      | petervk the Gargoyle Earth Elementalist began the quest for the Orb.
     0 | D:1      | Reached XP level 1. HP: 10/10 MP: 3/3
   279 | D:1      | Reached XP level 2. HP: 15/15 MP: 5/5
   293 | D:1      | Learned a level 2 spell: Passwall
   581 | D:1      | Reached skill level 5 in Earth Magic
   581 | D:1      | Reached XP level 3. HP: 14/19 MP: 6/6
  1079 | D:1      | Reached skill level 1 in Maces & Flails
  1527 | D:2      | Reached XP level 4. HP: 24/24 MP: 7/7
  1577 | D:2      | Found a stormy altar of Qazlal.
  1744 | D:2      | Found a glowing golden altar of the Shining One.
  1744 | D:2      | Found a white marble altar of Elyvilon.
  1744 | D:2      | Found a glowing silver altar of Zin.
  1895 | D:2      | Became a worshipper of Elyvilon the Healer
  1983 | D:2      | Learned a level 4 spell: Petrify
  2978 | D:2      | Reached XP level 5. HP: 20/28 MP: 1/8
  3767 | D:3      | Reached * piety under Elyvilon
  4293 | D:4      | Reached skill level 1 in Fighting
  4400 | D:4      | Found a shimmering altar of Xom.
  4402 | D:4      | Found a sparkling altar of Nemelex Xobeh.
  4404 | D:4      | Found a blossoming altar of Fedhas.
  4405 | D:4      | Found a basalt altar of Yredelemnul.
  4549 | D:4      | Reached XP level 6. HP: 30/35 MP: 9/9
  4898 | D:4      | Found a blossoming altar of Fedhas.
  4934 | D:4      | Noticed an oklob plant
  5273 | D:5      | Entered Level 5 of the Dungeon
  5377 | D:5      | Reached XP level 7. HP: 35/44 MP: 10/10
  5516 | D:5      | Reached ** piety under Elyvilon
  5555 | D:5      | Found Unloacyg's Armour Emporium.
  5705 | D:5      | Noticed Crazy Yiuf
  5727 | D:5      | Killed Crazy Yiuf
  5727 | D:5      | Reached skill level 5 in Fighting
  5733 | D:5      | Got a bloodstained mace
  5734 | D:5      | Identified the +8 mace of the Endless March {crush, rPois Dex+2 Stlth+} (You found it on level 5 of the Dungeon)
  6016 | D:5      | Reached skill level 1 in Invocations
  6195 | D:6      | Reached skill level 2 in Invocations
  6210 | D:6      | Noticed Pikel
  6215 | D:6      | Noticed Dowan
  6217 | D:6      | Noticed Duvessa
  6263 | D:6      | Killed Pikel
  6263 | D:6      | Reached skill level 6 in Invocations
  6263 | D:6      | Reached XP level 8. HP: 45/49 MP: 10/12
  6281 | D:6      | Killed Duvessa
  6340 | D:6      | Killed Dowan
  6340 | D:6      | Reached skill level 7 in Invocations
  6611 | D:6      | Got a shimmering robe
  6686 | D:6      | Found a glowing golden altar of the Shining One.
  6769 | D:6      | Reached skill level 8 in Invocations
  7028 | D:6      | Reached skill level 9 in Invocations
  7034 | D:6      | Reached XP level 9. HP: 53/54 MP: 15/15
  7328 | D:6      | Noticed Blork the orc
  7335 | D:6      | Killed Blork the orc
  7335 | D:6      | Reached skill level 10 in Invocations
  7411 | D:6      | Identified the +1 robe "Vicyimn" {rC+ Int+4} (You found it on level 6 of the Dungeon)
  7417 | D:6      | Learned a level 5 spell: Lee's Rapid Deconstruction
  7446 | D:6      | Reached skill level 1 in Transmutations
  7725 | D:7      | Found a staircase to the Ecumenical Temple.
  7743 | Temple   | Entered the Ecumenical Temple
  7743 | Temple   | Reached *** piety under Elyvilon
  8742 | D:8      | Noticed Daydreamer's ghost (novice DrCj)
  8884 | D:8      | Killed from afar by Daydreamer's ghost

Skill      XL: |  1  2  3  4  5  6  7  8  9 |
---------------+----------------------------+-----
Earth Magic    | 4 5 |  5.5
Maces & Flails | 1 3 4 |  4.2
Fighting       | 1 4 5 |  5.1
Invocations    | 6 9 10 | 10.0
Transmutations | 2 |  2.1
Spellcasting   | 4 |  4.0
Dodging        | |  1.5
Stealth        | |  2.1

Action                   |  1- 3 |  4- 6 |  7- 9 || total
-------------------------+-------+-------+-------++-------
Melee: Club              |    61 |       |       ||    61
       Mace              |    82 |   420 |   270 ||   772
Throw: Stone             |       |       |     1 ||     1
 Cast: Sandblast         |    11 |    12 |       ||    23
       Petrify           |       |       |     5 ||     5
  Use: Scroll            |       |     5 |    10 ||    15
       Potion            |       |       |     1 ||     1
 Stab: Sleeping          |     2 |       |     1 ||     3
       Petrified         |       |       |     4 ||     4
  Eat: Chunk             |     2 |    13 |     7 ||    22
       Bread ration      |       |       |     1 ||     1
       Royal jelly       |       |       |     1 ||     1
Armor: Ring mail         |     3 |       |       ||     3
       Robe              |     2 |       |    18 ||    20
       Leather armour    |    68 |    92 |       ||   160
       Plate armour      |       |   166 |   120 ||   286
       Chain mail        |       |    35 |       ||    35
Dodge: Dodged            |   105 |   191 |   118 ||   414
